ORI
UNIVERSITY OF FLORIDA GATORS @ UNIVERSITY OF VIRGINIA CAVALIERS
11/05/2047
 
TOP OF THE 1ST
University of Florida Gators batting - Pitching for University of Virginia Cavaliers : RHP Arturo Vargas
Pitching: RHP Arturo Vargas
Batting: LHB Terry Bayer 0-0: Ball
1-0: Ball
2-0: Ground out 2-3 (Groundball, 2L, EV 66.9 MPH)
Batting: RHB Marco Morales 0-0: Ball
1-0: Foul Ball, location: 2F
1-1: Swinging Strike
1-2: Ball
2-2: Foul Ball, location: 2F
2-2: Foul Ball, location: 2F
2-2: Ball
3-2: Strikes out swinging
Batting: RHB Lião Weishampt 0-0: Ball
1-0: Ball
2-0: Foul Ball, location: 2F
2-1: Foul Ball, location: 2F
2-2: Strikes out looking
Top of the 1st over - 0 runs, 0 hits, 0 errors, 0 left on base; University of Florida 0 - University of Virginia 0
BOTTOM OF THE 1ST
University of Virginia Cavaliers batting - Pitching for University of Florida Gators : RHP Nelson Carachure
Pitching: RHP Nelson Carachure
Batting: RHB Luke Bertrand 0-0: Ball
1-0: Called Strike
1-1: Hit by Pitch
Batting: RHB Jose Velez 0-0: Fly out, F8 (Line Drive, 8LD, EV 93.1 MPH)
Batting: LHB Ray Nichter 0-0: Ball
1-0: Called Strike
1-1: Foul Ball, location: 2F
1-2: Strikes out looking
Batting: LHB Alex Aguilar 0-0: Ball
1-0: Called Strike
1-1: Swinging Strike
1-2: Ball
2-2: Foul Ball, location: 2F
2-2: Strikes out swinging
Bottom of the 1st over - 0 runs, 0 hits, 0 errors, 1 left on base; University of Florida 0 - University of Virginia 0
TOP OF THE 2ND
University of Florida Gators batting - Pitching for University of Virginia Cavaliers : RHP Arturo Vargas
Batting: RHB Gong-sun Law 0-0: Ball
1-0: Ball
2-0: Called Strike
2-1: SINGLE (Line Drive, 7S, EV 98.8 MPH)
Batting: RHB Elliott Pye 0-0: Ball
1-0: Foul Ball, location: 2F
1-1: Ball
2-1: Swinging Strike
2-2: Foul Ball, location: 2F
2-2: Foul Ball, location: 2F
2-2: Foul Ball, location: 2F
2-2: Reached on error, E4 (Groundball, 34S, EV 84.4 MPH)
Gong-sun Law to second
Batting: LHB Dave Newsome 0-0: Ball
1-0: Ball
2-0: Called Strike
2-1: Foul Ball, location: 2F
2-2: Strikes out swinging
Batting: RHB Manny Harrison 0-0: Called Strike
0-1: Ball
Wild Pitch!
Gong-sun Law to third
Elliott Pye to second
1-1: Ball
2-1: Ball
3-1: Fly out, F8 (Line Drive, 8LD, EV 92.5 MPH)
Runner from 3rd tags up, OUT at HOME! 8-2
Top of the 2nd over - 0 runs, 1 hit, 1 error, 1 left on base; University of Florida 0 - University of Virginia 0
BOTTOM OF THE 2ND
University of Virginia Cavaliers batting - Pitching for University of Florida Gators : RHP Nelson Carachure
Batting: RHB Jason Lambert 0-0: Ball
1-0: Foul Ball, location: 2F
1-1: Swinging Strike
1-2: Ball
2-2: Foul Ball, location: 2F
2-2: Strikes out looking
Batting: LHB Josh Glass 0-0: Swinging Strike
0-1: Foul Ball, location: 2F
0-2: Strikes out swinging
Batting: RHB Rob Coble 0-0: Called Strike
0-1: Ball
1-1: Foul Ball, location: 2F
1-2: Foul Ball, location: 2F
1-2: Foul Ball, location: 2F
1-2: Foul Ball, location: 2F
1-2: Foul Ball, location: 2F
1-2: Foul Ball, location: 2F
1-2: DOUBLE (Flyball, 78XD, EV 96.9 MPH)
Batting: RHB Allen McCaskill 0-0: Called Strike
0-1: Ball
1-1: Foul Ball, location: 2F
1-2: Ball
2-2: Strikes out swinging
Bottom of the 2nd over - 0 runs, 1 hit, 0 errors, 1 left on base; University of Florida 0 - University of Virginia 0
TOP OF THE 3RD
University of Florida Gators batting - Pitching for University of Virginia Cavaliers : RHP Arturo Vargas
Batting: RHB Juan Lopez 0-0: Ball
1-0: Foul Ball, location: 2F
1-1: Ground out 4-3 (Groundball, 4, EV 83.8 MPH)
Batting: RHB Danny Cisneros 0-0: Called Strike
0-1: Ball
1-1: Ball
2-1: Swinging Strike
2-2: Ball
3-2: Ground out 5-3 (Groundball, 56, EV 89.4 MPH)
Batting: LHB Terry Bayer 0-0: Called Strike
0-1: Foul Ball, location: 2F
0-2: Ball
1-2: Foul Ball, location: 2F
1-2: Reached on error, E4 (Groundball, 4, EV 78.1 MPH)
Batting: RHB Marco Morales 0-0: Called Strike
0-1: Ball
1-1: SINGLE (Flyball, 89S, EV 88.1 MPH)
Terry Bayer to second
Runner from 2nd tries for 3rd, OUT! 8-5
Top of the 3rd over - 0 runs, 1 hit, 1 error, 1 left on base; University of Florida 0 - University of Virginia 0
BOTTOM OF THE 3RD
University of Virginia Cavaliers batting - Pitching for University of Florida Gators : RHP Nelson Carachure
Batting: RHB Jason Thresher 0-0: Ball
1-0: Ground out 6-3 (Groundball, 6, EV 85.6 MPH)
Batting: RHB Luke Bertrand 0-0: Ball
1-0: Ball
2-0: Foul Ball, location: 2F
2-1: Reached on error, E5 (Groundball, 56, EV 76.2 MPH)
Batting: RHB Jose Velez 0-0: Ball
Luke Bertrand steals 2nd base
1-0: DOUBLE (Line Drive, 89D, EV 107.5 MPH)
Luke Bertrand scores
Batting: LHB Ray Nichter 0-0: Ball
1-0: Ball
2-0: Foul Ball, location: 2F
2-1: Foul Ball, location: 2F
2-2: Strikes out swinging
Batting: LHB Alex Aguilar 0-0: Called Strike
0-1: Ball
1-1: Ball
2-1: SINGLE (Groundball, 4D, EV 105.6 MPH)
Jose Velez to third
Runner from 3rd tries for Home, SAFE, throw by RF to home
Batting: RHB Jason Lambert 0-0: Ground out U3 (Groundball, 3L, EV 87.5 MPH)
Bottom of the 3rd over - 2 runs, 2 hits, 1 error, 1 left on base; University of Florida 0 - University of Virginia 2
TOP OF THE 4TH
University of Florida Gators batting - Pitching for University of Virginia Cavaliers : RHP Arturo Vargas
Batting: RHB Lião Weishampt 0-0: Called Strike
0-1: Hit by Pitch
Batting: RHB Gong-sun Law 0-0: Called Strike
0-1: Ball
1-1: Called Strike
1-2: Strikes out looking
Batting: RHB Elliott Pye 0-0: Foul Ball, location: 2F
0-1: Foul Ball, location: 2F
0-2: Strikes out looking
Batting: LHB Dave Newsome 0-0: Ball
1-0: Called Strike
1-1: Foul Ball, location: 2F
1-2: Foul Ball, location: 2F
1-2: Foul Ball, location: 2F
1-2: Strikes out swinging
Top of the 4th over - 0 runs, 0 hits, 0 errors, 1 left on base; University of Florida 0 - University of Virginia 2
BOTTOM OF THE 4TH
University of Virginia Cavaliers batting - Pitching for University of Florida Gators : RHP Nelson Carachure
Pitching: RHP Elliot Gallagher
Batting: LHB Josh Glass 0-0: Ball
1-0: Foul Ball, location: 2F
1-1: Called Strike
1-2: Foul Ball, location: 2F
1-2: Foul Ball, location: 2F
1-2: SINGLE (Line Drive, 56, EV 96.2 MPH)
Batting: RHB Rob Coble 0-0: Called Strike
0-1: Swinging Strike
0-2: Foul Ball, location: 2F
0-2: Ball
Wild Pitch!
Josh Glass to second
1-2: Ball
2-2: Foul Ball, location: 2F
2-2: Strikes out swinging
Batting: RHB Allen McCaskill 0-0: Called Strike
0-1: Ball
1-1: Foul Ball, location: 2F
1-2: Foul Ball, location: 2F
1-2: Strikes out swinging
Batting: RHB Jason Thresher 0-0: Ball
1-0: Ball
2-0: Called Strike
2-1: Swinging Strike
2-2: Ground out 6-3 (Groundball, 6, EV 80.6 MPH)
Bottom of the 4th over - 0 runs, 1 hit, 0 errors, 1 left on base; University of Florida 0 - University of Virginia 2
TOP OF THE 5TH
University of Florida Gators batting - Pitching for University of Virginia Cavaliers : RHP Arturo Vargas
Pitching: RHP Tofik Javakhov
Batting: RHB Manny Harrison 0-0: Foul Ball, location: 2F
0-1: Ball
1-1: Foul Ball, location: 2F
1-2: Foul Ball, location: 2F
1-2: Ball
2-2: Foul Ball, location: 2F
2-2: Ball
3-2: Strikes out looking
Batting: RHB Juan Lopez 0-0: Fly out, F4 (Line Drive, 34, EV 71.2 MPH)
Batting: RHB Danny Cisneros 0-0: Ball
1-0: Ball
2-0: Foul Ball, location: 2F
2-1: Called Strike
2-2: Foul Ball, location: 2F
2-2: Strikes out swinging
Top of the 5th over - 0 runs, 0 hits, 0 errors, 0 left on base; University of Florida 0 - University of Virginia 2
BOTTOM OF THE 5TH
University of Virginia Cavaliers batting - Pitching for University of Florida Gators : RHP Elliot Gallagher
Batting: RHB Luke Bertrand 0-0: Called Strike
0-1: Ground out 6-3 (Groundball, 6, EV 82.5 MPH)
Batting: RHB Jose Velez 0-0: Called Strike
0-1: Called Strike
0-2: SINGLE (Groundball, 34S, EV 73.8 MPH) (infield hit)
Batting: LHB Ray Nichter 0-0: Called Strike
Jose Velez is caught stealing 2nd base 2-6
0-1: Foul Ball, location: 2F
0-2: Foul Ball, location: 2F
0-2: Strikes out swinging
Bottom of the 5th over - 0 runs, 1 hit, 0 errors, 0 left on base; University of Florida 0 - University of Virginia 2
TOP OF THE 6TH
University of Florida Gators batting - Pitching for University of Virginia Cavaliers : RHP Tofik Javakhov
Batting: LHB Terry Bayer 0-0: Called Strike
0-1: Ball
1-1: Ball
2-1: Ball
3-1: Base on Balls
Batting: RHB Marco Morales 0-0: Ball
Terry Bayer steals 2nd base
1-0: SINGLE (Line Drive, 89M, EV 84.4 MPH)
Terry Bayer to third
Batting: RHB Lião Weishampt 0-0: Ball
Marco Morales is caught stealing 2nd base 2-4
1-0: Ball
2-0: SINGLE (Groundball, 34S, EV 70.0 MPH) (infield hit)
Terry Bayer scores
Batting: RHB Gong-sun Law 0-0: Ball
1-0: Ball
2-0: Ball
3-0: Base on Balls
Lião Weishampt to second
Batting: RHB Elliott Pye 0-0: Ball
1-0: Ball
2-0: Foul Ball, location: 2F
2-1: Ball
3-1: Foul Ball, location: 2F
3-2: Fly out, F5 (Popup, 5F, EV 58.1 MPH)
Batting: LHB Dave Newsome 0-0: Swinging Strike
0-1: Ball
1-1: Swinging Strike
1-2: Strikes out swinging
Top of the 6th over - 1 run, 2 hits, 0 errors, 2 left on base; University of Florida 1 - University of Virginia 2
BOTTOM OF THE 6TH
University of Virginia Cavaliers batting - Pitching for University of Florida Gators : RHP Elliot Gallagher
Pitching: RHP Roberto Santiago
Batting: LHB Alex Aguilar 0-0: Ball
1-0: Called Strike
1-1: Ball
2-1: SINGLE (Groundball, 3D, EV 100.0 MPH)
Batting: RHB Jason Lambert 0-0: Called Strike
0-1: Foul Ball, location: 2F
0-2: Ball
1-2: Ball
2-2: Ball
Passed Ball!
Alex Aguilar to second
3-2: Base on Balls
Batting: LHB Josh Glass 0-0: Ball
1-0: Ground out U3 (Groundball, 3S, EV 71.2 MPH)
Alex Aguilar to third
Jason Lambert to second
Batting: RHB Rob Coble 0-0: Intentional Walk
Batting: RHB Allen McCaskill 0-0: Ball
1-0: Ball
2-0: Ball
3-0: Base on Balls
Alex Aguilar scores
Jason Lambert to third
Rob Coble to second
Batting: RHB Jason Thresher 0-0: Called Strike
0-1: Foul Ball, location: 2F
0-2: Ball
1-2: Ball
2-2: Strikes out swinging
Batting: RHB Luke Bertrand 0-0: Ball
1-0: Called Strike
1-1: Swinging Strike
1-2: Foul Ball, location: 2F
1-2: Ball
2-2: Fielders Choice at 2nd, 5-4 (Groundball, 56, EV 105.6 MPH)
Bottom of the 6th over - 1 run, 1 hit, 0 errors, 3 left on base; University of Florida 1 - University of Virginia 3
TOP OF THE 7TH
University of Florida Gators batting - Pitching for University of Virginia Cavaliers : RHP Tofik Javakhov
Pitching: LHP Cory Byler
Batting: RHB Manny Harrison 0-0: Ball
1-0: Ball
2-0: Foul Ball, location: 2F
2-1: Swinging Strike
2-2: Strikes out swinging
Batting: RHB Juan Lopez 0-0: Fly out, F8 (Flyball, 8LM, EV 91.9 MPH)
Batting: RHB Danny Cisneros 0-0: Foul Ball, location: 2F
0-1: Ball
1-1: Ball
2-1: Ball
3-1: Base on Balls
Batting: LHB Terry Bayer 0-0: Ball
1-0: Ball
2-0: Fly out, F8 (Line Drive, 78M, EV 86.2 MPH)
Top of the 7th over - 0 runs, 0 hits, 0 errors, 1 left on base; University of Florida 1 - University of Virginia 3
BOTTOM OF THE 7TH
University of Virginia Cavaliers batting - Pitching for University of Florida Gators : RHP Roberto Santiago
Pitching: RHP Dave Ross
Batting: RHB Jose Velez 0-0: Ball
1-0: Foul Ball, location: 2F
1-1: Ball
2-1: Foul Ball, location: 2F
2-2: SINGLE (Groundball, 6MD, EV 98.8 MPH)
Batting: LHB Ray Nichter 0-0: Ball
Jose Velez is caught stealing 2nd base 2-6
1-0: Called Strike
1-1: Ball
2-1: Ball
3-1: Base on Balls
Batting: LHB Alex Aguilar 0-0: Ground out 4-3 (Groundball, 34, EV 100.0 MPH)
Ray Nichter to second
Batting: RHB Jason Lambert 0-0: Foul Ball, location: 2F
0-1: Ball
1-1: Foul Ball, location: 2F
1-2: Ball
2-2: Foul Ball, location: 2F
2-2: Foul Ball, location: 2F
2-2: Ball
3-2: Fly out, F9 (Flyball, 9D, EV 101.2 MPH)
Bottom of the 7th over - 0 runs, 1 hit, 0 errors, 1 left on base; University of Florida 1 - University of Virginia 3
TOP OF THE 8TH
University of Florida Gators batting - Pitching for University of Virginia Cavaliers : LHP Cory Byler
Pitching: RHP Andy Cruz
Batting: RHB Marco Morales 0-0: Fly out, F4 (Popup, 4M, EV 63.8 MPH)
Batting: RHB Lião Weishampt 0-0: Ball
1-0: Foul Ball, location: 2F
1-1: SINGLE (Groundball, 25, EV 65.0 MPH) (infield hit)
Batting: RHB Gong-sun Law 0-0: Called Strike
0-1: 2-RUN HOME RUN (Flyball, 7LD, EV 98.1 MPH), Distance : 354 ft
Batting: RHB Elliott Pye 0-0: Ball
1-0: Ball
2-0: Called Strike
2-1: Foul Ball, location: 2F
2-2: Ball
3-2: Foul Ball, location: 2F
3-2: Base on Balls
Batting: LHB Dave Newsome 0-0: Ball
1-0: Ball
2-0: Ball
3-0: Base on Balls
Elliott Pye to second
Pinch Hitting: RHB Ben Bailey 0-0: Ball
1-0: SINGLE (Groundball, 56D, EV 95.6 MPH)
Elliott Pye to third
Dave Newsome to second
Pitching: LHP Justin Frost
Batting: RHB Juan Lopez 0-0: Foul Ball, location: 2F
0-1: Called Strike
0-2: Strikes out swinging
Batting: RHB Danny Cisneros 0-0: Ball
1-0: Ball
2-0: Ball
3-0: Called Strike
3-1: Base on Balls
Elliott Pye scores
Dave Newsome to third
Ben Bailey to second
Batting: LHB Terry Bayer 0-0: Ball
1-0: Ball
2-0: Ball
3-0: Called Strike
3-1: Base on Balls
Dave Newsome scores
Ben Bailey to third
Danny Cisneros to second
Batting: RHB Marco Morales 0-0: Called Strike
0-1: Ball
1-1: Ball
2-1: Foul Ball, location: 2F
2-2: Foul Ball, location: 2F
2-2: Ball
3-2: Base on Balls
Ben Bailey scores
Danny Cisneros to third
Terry Bayer to second
Pitching: RHP Jason Odle
Batting: RHB Lião Weishampt 0-0: Ball
1-0: SINGLE (Line Drive, 89S, EV 95.6 MPH)
Danny Cisneros scores
Terry Bayer to third
Marco Morales to second
Throwing error, E9
Terry Bayer scores
Marco Morales to third
Lião Weishampt to second
Batting: RHB Gong-sun Law 0-0: Ball
1-0: Ball
2-0: Ground out 2-3 (Groundball, 2L, EV 68.8 MPH)
Top of the 8th over - 7 runs, 4 hits, 1 error, 2 left on base; University of Florida 8 - University of Virginia 3
BOTTOM OF THE 8TH
University of Virginia Cavaliers batting - Pitching for University of Florida Gators : RHP Dave Ross
Now at 1B: Ben Bailey
Batting: LHB Josh Glass 0-0: Ball
1-0: Ball
2-0: Called Strike
2-1: Ground out 5-3 (Groundball, 5, EV 83.8 MPH)
Batting: RHB Rob Coble 0-0: Ball
1-0: Foul Ball, location: 2F
1-1: Swinging Strike
1-2: Foul Ball, location: 2F
1-2: Fly out, F7 (Flyball, 7, EV 84.4 MPH)
Batting: RHB Allen McCaskill 0-0: Ball
1-0: Called Strike
1-1: Ball
2-1: Foul Ball, location: 2F
2-2: Ball
3-2: Strikes out swinging
Bottom of the 8th over - 0 runs, 0 hits, 0 errors, 0 left on base; University of Florida 8 - University of Virginia 3
TOP OF THE 9TH
University of Florida Gators batting - Pitching for University of Virginia Cavaliers : RHP Jason Odle
Batting: RHB Elliott Pye 0-0: Ball
1-0: Swinging Strike
1-1: Ball
2-1: Called Strike
2-2: Ball
3-2: Base on Balls
Batting: LHB Dave Newsome 0-0: Ball
Elliott Pye is caught stealing 2nd base 2-6
1-0: DOUBLE (Line Drive, 7LS, EV 101.2 MPH)
Batting: RHB Ben Bailey 0-0: 2-RUN HOME RUN (Flyball, 7LD, EV 96.2 MPH), Distance : 346 ft
Batting: RHB Juan Lopez 0-0: Ground out 6-3 (Groundball, 6M, EV 81.9 MPH)
Batting: RHB Danny Cisneros 0-0: Ball
1-0: Called Strike
1-1: Ground out 4-3 (Groundball, 4, EV 102.5 MPH)
Top of the 9th over - 2 runs, 2 hits, 0 errors, 0 left on base; University of Florida 10 - University of Virginia 3
BOTTOM OF THE 9TH
University of Virginia Cavaliers batting - Pitching for University of Florida Gators : RHP Dave Ross
Batting: RHB Jason Thresher 0-0: Called Strike
0-1: Ball
1-1: Foul Ball, location: 2F
1-2: Ball
2-2: Fly out, F8 (Flyball, 8LM, EV 87.5 MPH)
Batting: RHB Luke Bertrand 0-0: Called Strike
0-1: Ball
1-1: Ball
2-1: Foul Ball, location: 2F
2-2: Strikes out swinging
Batting: RHB Jose Velez 0-0: Ball
1-0: Foul Ball, location: 2F
1-1: Ground out 4-3 (Groundball, 4S, EV 84.4 MPH)
Bottom of the 9th over - 0 runs, 0 hits, 0 errors, 0 left on base; University of Florida 10 - University of Virginia 3
Thursday, December 15th , 2022 - OOTP Baseball 23.9 Build 102